AoeStats
← CNZS_98T

African Clearing

506410287Analyzed
4v4 RM · 19d ago on Sep 13, 2026· 33m 43s· 8 players
Game mode
Random Map
Map size
Large (8 player)
Population
200
Speed
Normal
Resources
Standard
Victory
Conquest
Starting age
Dark Age
Ending age
Imperial Age
RankedLock teamsTeams togetherTeam positionsShared explorationLock speedFull tech treeHidden civsTurbo modeCheats
Victory
Defeat
🇨🇳 Burgundians · China
1916
+5
🇳🇱 Japanese · Netherlands
1903
+6
🇨🇳 Magyars · China
1861
+7
🇮🇳 Mongols · India
1829
+8
🇨🇳 Gurjaras · China
1716
-9
🇪🇸 Huns · Spain
1703
-8
🇺🇸 Magyars · United States
1579
-5
🇦🇷 Wei · Argentina
1528
-4
deev
8:58 Loom
12:19 Feudal Age
13:04 Town Watch
14:11 Man-at-Arms
14:42 Double-Bit Axe
16:31 Arson
20:19 Horse Collar
21:51 Wheelbarrow
22:49 Scale Barding Armor
25:48 Castle Age
27:05 Bow Saw
28:11 Fletching
32:15 Bodkin Arrow
tim.13
11:08 Loom
12:53 Feudal Age
16:38 Double-Bit Axe
18:54 Castle Age
17:16 Horse Collar
17:44 Gold Mining
20:25 Wheelbarrow
24:32 Bloodlines
26:06 Scale Barding Armor
26:46 Forging
(PNG)Ludovicum95
11:19 Loom
13:33 Feudal Age
15:48 Double-Bit Axe
18:25 Castle Age
16:19 Gold Mining
17:31 Fletching
19:04 Bodkin Arrow
19:30 Bow Saw
20:39 Gold Shaft Mining
20:12 Padded Archer Armor
29:21 Ballistics
31:22 Leather Archer Armor
30:56 Fishing Lines
31:49 Horse Collar
中國香港玩家
13:19 Feudal Age
14:02 Loom
17:15 Castle Age
15:30 Double-Bit Axe
15:55 Horse Collar
16:30 Gold Mining
17:05 Stone Mining
24:33 Stone Shaft Mining
29:26 Bow Saw
29:45 Heavy Plow
CNZS_98T
14:36 Feudal Age
15:38 Loom
19:40 Castle Age
17:52 Fishing Lines
21:41 Gillnets
25:07 Stone Mining
26:28 Fletching
27:28 Bodkin Arrow
28:20 Wheelbarrow
28:14 Horse Collar
31:33 Imperial Age
31:13 Guard Tower
31:38 Scale Mail Armor
34:10 Ballistics
DK2
13:36 Feudal Age
13:37 Loom
14:40 Double-Bit Axe
17:19 Castle Age
17:06 Fletching
18:29 Bow Saw
25:43 Bodkin Arrow
27:59 Ballistics
31:30 Wheelbarrow
32:50 Horse Collar
34:02 Town Watch
_LY_Yo
6:06 Loom
14:13 Feudal Age
18:57 Castle Age
17:07 Double-Bit Axe
19:17 Town Watch
20:42 Bow Saw
23:16 Fishing Lines
28:00 Gillnets
30:19 Sanctity
35:46 Imperial Age
_LY_lyx
5:41 Double-Bit Axe
9:28 Loom
11:51 Feudal Age
10:56 Fishing Lines
12:49 Bow Saw
13:27 Gillnets
20:41 Castle Age
18:58 Gold Mining
18:59 Stone Mining
21:40 Wheelbarrow
22:39 Two-Man Saw
21:21 Horse Collar
28:48 Imperial Age
26:54 Heavy Plow
28:11 Stone Shaft Mining
28:48 Hand Cart
29:25 Scale Barding Armor
30:16 Forging
30:08 Husbandry
30:31 Conscription
31:19 Chain Barding Armor
31:57 Elite Coustillier
34:07 Plate Barding Armor
Connection lost

Rejoining the realm…

Still unreachable

The connection could not be restored.

Session expired

The server has moved on; the page needs a fresh start.